Map: Galactic Process LE

Players

星际卡卡西

  • Race: Zerg Zerg
  • League: Grandmaster

IIIIIIIIIIII (State) - Winner!

  • Race: Protoss Protoss
  • League: Grandmaster

VOD

Have the link to the VOD?

Description

Time

  • Played on: Aug. 4, 2016, 2:10 a.m.
  • Length: 7:02
Show
View Real Time Build Order
Export as new Build Order

星际卡卡西 Zerg 

Build Orders: Hatch First 

Get SALT Encoding   

  12  0:00  Drone  
  13  0:08  Drone  
  14  0:17  Overlord  
  14  0:23  Extractor  
  14  0:24  Drone  
  15  0:35  Drone  
  15  0:36  Drone  
  17  0:52  Hatchery  
  17  0:56  Drone  
  17  0:59  Drone  
  18  1:05  Extractor  
  17  1:15  Spawning Pool  
  16  1:19  Drone  
  16  1:22  Drone  
  18  1:28  Drone  
  19  1:39  Overlord  
  19  1:49  Drone  
  20  2:02  Queen  
  20  2:03  Queen, Zergling x2  
  20  2:04  Zergling x2  
  26  2:09  Metabolic Boost  
  26  2:13  Drone  
  27  2:16  Drone  
  27  2:20  Drone  
  29  2:26  Drone  
  30  2:32  Drone  
  31  2:42  Hatchery  
  30  2:45  Zergling x4  
  30  2:49  Overlord  
  32  2:53  Drone  
  32  2:58  Drone  
  34  3:04  Drone  
  34  3:18  Zergling x14  
  40  3:21  Queen  
  40  3:23  Queen  
  44  3:27  Overlord  
  44  3:35  Overlord  
  44  3:43  Overlord  
  44  3:48  Drone x2  
  44  3:52  Drone x3  
  44  3:53  Drone  
  46  3:56  Drone  
  46  3:57  Drone  
  47  4:05  Drone x2  
  47  4:06  Evolution Chamber, Baneling Nest  
  47  4:09  Drone  
  48  4:17  Drone  
  48  4:18  Drone  
  48  4:19  Drone  
  51  4:31  Spore Crawler  
  50  4:32  Drone x7  
  50  4:33  Overlord  
  50  4:34  Overlord  
  57  4:41  Zergling x6  
  60  4:46  Extractor, Roach Warren, Zergling x2  
  60  4:47  Zergling x2  
  60  4:55  Zergling x12  
  66  5:05  Zergling x14  
  73  5:14  Overlord x2  
  73  5:29  Roach x6  
  73  5:30  Roach x2  
  73  5:31  Overlord  
  73  5:32  Overlord  
  89  5:40  Baneling x6  
  88  5:46  Roach  
  88  5:47  Zergling x2  
  84  5:50  Zergling x2, Roach  
  84  5:51  Zergling x4  
  81  5:59  Zergling x6  
  83  6:07  Ravager  
  83  6:09  Zergling x10  
  83  6:10  Zergling x4  
  85  6:13  Roach  
  85  6:16  Zergling x2  
  82  6:24  Zergling x6  
  79  6:27  Zergling x2  
  79  6:30  Zergling x2  
  79  6:31  Zergling x2  
  76  6:34  Zergling x2  
  69  6:40  Ravager  
  69  6:41  Zergling x4  
  69  6:43  Zergling x2  
Show
View Real Time Build Order
Export as new Build Order

IIIIIIIIIIII Protoss - Winner!

Build Orders: 1 Gate Expand 

Get SALT Encoding   

  12  0:01  Probe (Chrono Boost)  
  13  0:11  Probe (Chrono Boost)  
  14  0:17  Pylon  
  14  0:22  Probe (Chrono Boost)  
  15  0:35  Probe (Chrono Boost)  
  16  0:36  Gateway  
  16  0:42  Assimilator  
  16  0:45  Probe (Chrono Boost)  
  17  0:56  Probe (Chrono Boost)  
  18  1:06  Probe (Chrono Boost)  
  19  1:19  Nexus  
  19  1:22  Probe (Chrono Boost)  
  20  1:31  Cybernetics Core  
  20  1:35  Probe (Chrono Boost)  
  21  1:40  Assimilator  
  21  1:45  Probe (Chrono Boost)  
  22  1:50  Pylon  
  22  1:56  Probe (Chrono Boost)  
  23  2:04  Adept  
  23  2:08  Warp Gate  
  25  2:10  Probe (Chrono Boost)  
  27  2:23  Probe (Chrono Boost)  
  27  2:27  Twilight Council  
  27  2:28  Stalker  
  27  2:31  Probe (Chrono Boost)  
  31  2:38  Probe (Chrono Boost)  
  31  2:42  Probe (Chrono Boost)  
  32  2:50  Pylon, Probe (Chrono Boost)  
  33  2:52  Probe (Chrono Boost)  
  34  3:02  Probe (Chrono Boost)  
  34  3:03  Pylon  
  35  3:07  Probe (Chrono Boost)  
  37  3:14  Probe (Chrono Boost)  
  37  3:17  Resonating Glaives, Probe (Chrono Boost)  
  38  3:22  Pylon  
  38  3:26  Probe (Chrono Boost)  
  39  3:29  Mothership Core (Chrono Boost)  
  41  3:38  Probe (Chrono Boost)  
  42  3:41  Gateway  
  42  3:42  Gateway  
  42  3:43  Gateway  
  42  3:46  Robotics Facility  
  42  3:48  Probe (Chrono Boost)  
  43  3:51  Probe (Chrono Boost)  
  42  4:00  Pylon  
  42  4:02  Gateway  
  42  4:04  Gateway  
  42  4:11  Probe (Chrono Boost)  
  42  4:12  Assimilator, Probe (Chrono Boost)  
  44  4:19  Pylon  
  44  4:27  Gateway  
  44  4:28  Gateway  
  44  4:30  Gateway, Warp Prism  
  44  4:38  Adept  
  48  4:45  Probe (Chrono Boost)  
  50  4:46  Probe (Chrono Boost)  
  50  4:51  Adept x2  
  54  4:58  Adept x2  
  58  5:01  Probe (Chrono Boost)  
  58  5:04  Pylon  
  58  5:06  Observer  
  60  5:15  Nexus  
  62  5:21  Pylon  
  60  5:34  Adept x5  
  70  5:48  Sentry  
  70  5:49  Sentry x2  
  70  6:02  Stalker  
  70  6:03  Stalker x4  
  80  6:07  Probe x2 (Chrono Boost)  
  82  6:15  Sentry x2  
  82  6:16  Sentry  
  88  6:25  Stalker  
  84  6:26  Adept x2  
  88  6:38  Zealot x2  
  88  6:39  Sentry, Zealot x2  
  90  6:52  Stalker x2  
  90  6:53  Zealot  
  92  6:57  Adept  
Tags
 
Add a new tag
Caveats
  • Supply blocks, unpowered buildings, or Contaminate may cause inaccurate times.
  • Supply counts are checked every 10 seconds.